Map: Romanticide LE

Players

Antis

  • Race: Zerg Zerg

Asuna - Winner!

  • Race: Protoss Protoss

VOD

Have the link to the VOD?

Description

Time

  • Played on: Oct. 8, 2021, 4:10 p.m.
  • Length: 12:27
Show
View Real Time Build Order
Export as new Build Order

Antis Zerg 

Build Orders: Hatch First 

Get SALT Encoding   

  12  0:00  Drone  
  13  0:12  Overlord  
  13  0:16  Drone  
  14  0:30  Drone x2  
  16  0:48  Hatchery  
  15  0:50  Drone  
  15  0:54  Drone  
  17  0:57  Drone  
  18  1:08  Extractor  
  17  1:13  Spawning Pool  
  17  1:16  Drone  
  17  1:19  Drone  
  18  1:33  Drone  
  19  1:43  Drone  
  20  1:50  Overlord  
  20  1:59  Queen  
  20  2:00  Zergling x2, Queen  
  25  2:02  Zergling x2  
  26  2:10  Drone x2  
  26  2:15  Metabolic Boost  
  28  2:21  Drone x2  
  30  2:37  Hatchery  
  30  2:41  Drone x2  
  31  2:48  Queen  
  33  2:56  Overlord  
  33  3:04  Drone  
  33  3:05  Drone  
  35  3:08  Drone, Overlord  
  36  3:15  Zergling x4  
  36  3:17  Drone x3  
  41  3:22  Queen  
  43  3:27  Queen  
  43  3:31  Overlord  
  45  3:35  Spore Crawler  
  45  3:36  Drone  
  45  3:41  Drone x2  
  47  3:50  Zergling x2  
  47  3:51  Zergling x2  
  47  3:52  Drone x3  
  52  3:58  Drone x3  
  52  4:01  Drone x2  
  57  4:07  Overlord x2  
  56  4:13  Drone x2  
  58  4:17  Overlord  
  58  4:22  Drone  
  59  4:30  Drone x7  
  66  4:35  Zergling x4  
  66  4:39  Lair  
  66  4:41  Roach Warren  
  66  4:44  Evolution Chamber  
  64  4:45  Zergling x2  
  64  4:46  Zergling x4  
  64  4:51  Extractor, Overlord  
  64  4:52  Drone x3  
  69  4:55  Drone x3  
  69  4:59  Extractor  
  71  5:00  Drone  
  71  5:04  Drone x2  
  74  5:17  Zerg Missile Weapons Level 1  
  74  5:19  Drone x8  
  74  5:21  Hatchery  
  81  5:23  Overlord  
  81  5:26  Queen  
  82  5:36  Drone, Extractor  
  82  5:37  Drone x4  
  82  5:38  Evolution Chamber  
  82  5:40  Extractor  
  82  5:42  Glial Reconstitution  
  84  5:43  Spore Crawler  
  84  5:45  Drone x3, Extractor  
  84  5:46  Drone  
  84  5:47  Drone x2  
  88  5:51  Roach x3  
  88  5:55  Overlord  
  95  6:05  Zerg Ground Armor Level 1  
  95  6:09  Evolution Chamber, Hatchery, Queen  
  95  6:10  Drone  
  96  6:11  Drone  
  96  6:12  Drone x2  
  96  6:15  Infestation Pit, Queen  
  100  6:22  Drone x3  
  100  6:23  Spore Crawler  
  100  6:24  Spore Crawler  
  101  6:25  Spore Crawler  
  101  6:26  Overlord x2  
  101  6:33  Hatchery  
  101  6:36  Zerg Melee Weapons Level 1  
  101  6:39  Overseer  
  100  6:43  Drone  
  100  6:44  Drone x2  
  100  6:46  Spore Crawler  
  100  6:47  Hatchery  
  101  6:49  Queen x2  
  105  6:55  Hive  
  105  6:58  Roach x4  
  112  7:02  Zergling x2  
  112  7:03  Zergling x6  
  112  7:06  Overlord x2  
  116  7:12  Drone x5  
  119  7:23  Zerg Missile Weapons Level 2  
  119  7:26  Drone x6, Overlord  
  119  7:29  Drone  
  125  7:35  Hatchery  
  125  7:36  Drone x3  
  127  7:41  Drone  
  127  7:42  Extractor  
  127  7:44  Extractor  
  126  7:46  Spore Crawler  
  126  7:48  Queen x2  
  129  7:55  Spore Crawler  
  129  7:57  Drone  
  129  8:00  Drone x3  
  129  8:02  Spire, Zerg Ground Armor Level 2  
  129  8:03  Spire  
  130  8:10  Adrenal Glands  
  130  8:11  Drone x4, Overseer  
  130  8:12  Ultralisk Cavern  
  133  8:13  Viper  
  133  8:14  Viper  
  133  8:16  Zergling x6  
  133  8:17  Zergling x12  
  147  8:50  Zerg Melee Weapons Level 2  
  147  8:51  Hatchery  
  147  8:54  Overlord x3  
  147  8:55  Overlord x5  
  146  8:56  Hatchery, Baneling Nest  
  146  8:57  Overseer  
  146  8:58  Overseer  
  146  9:00  Pneumatized Carapace  
  146  9:01  Burrow  
  143  9:15  Zerg Flyer Weapons Level 1, Zerg Flyer Armor Level 1, Corruptor  
  145  9:18  Zergling x6  
  145  9:19  Zergling x10  
  152  9:41  Centrifugal Hooks  
  152  9:43  Drone x5  
  158  9:47  Hatchery, Corruptor x5  
  167  9:56  Corruptor x2  
  167  9:58  Corruptor  
  167  9:59  Corruptor x3  
  175  10:08  Spore Crawler x2  
  175  10:09  Spore Crawler  
  175  10:10  Drone x7, Spore Crawler x2  
  175  10:12  Spore Crawler x2  
  175  10:13  Spore Crawler  
  175  10:14  Spore Crawler x2  
  173  10:19  Drone x5  
  177  10:21  Corruptor  
  177  10:22  Corruptor  
  177  10:25  Infestor  
  182  10:30  Corruptor x3  
  182  10:34  Extractor  
  187  10:36  Extractor  
  187  10:37  Baneling x7  
  187  10:38  Baneling  
  187  10:39  Baneling  
  181  11:01  Spore Crawler  
  181  11:02  Corruptor x5  
  186  11:05  Spore Crawler  
  176  11:21  Queen x2  
  176  11:22  Queen  
  167  11:27  Corruptor x5  
  171  11:34  Queen  
  164  11:40  Zergling x2  
  164  11:41  Zergling x22  
  169  11:50  Corruptor x2  
  169  11:51  Corruptor  
Show
View Real Time Build Order
Export as new Build Order

Asuna Protoss - Winner!

Build Orders: 1 Gate Expand, Oracle Opening, Carriers 

Get SALT Encoding   

  12  0:00  Probe  
  13  0:12  Probe  
  14  0:20  Pylon  
  14  0:24  Probe  
  15  0:38  Gateway, Probe (Chrono Boost)  
  16  0:48  Assimilator, Probe (Chrono Boost)  
  17  0:53  Probe (Chrono Boost)  
  18  1:04  Probe  
  19  1:16  Probe  
  20  1:24  Nexus  
  20  1:34  Cybernetics Core  
  20  1:37  Probe  
  21  1:45  Assimilator  
  21  1:49  Probe  
  21  1:53  Pylon  
  22  2:01  Probe  
  22  2:08  Adept (Chrono Boost)  
  23  2:13  Probe  
  26  2:18  Stargate  
  26  2:25  Pylon  
  26  2:27  Probe (Chrono Boost)  
  27  2:35  Adept  
  27  2:37  Probe (Chrono Boost), Warp Gate  
  30  2:39  Probe (Chrono Boost)  
  31  2:47  Probe (Chrono Boost)  
  31  2:48  Probe (Chrono Boost)  
  33  2:52  Probe (Chrono Boost)  
  33  2:53  Probe  
  33  2:58  Void Ray (Chrono Boost)  
  35  3:03  Probe  
  36  3:05  Probe  
  41  3:15  Probe  
  41  3:17  Gateway  
  41  3:18  Probe  
  41  3:19  Pylon  
  43  3:27  Probe  
  43  3:30  Probe  
  45  3:37  Oracle  
  45  3:39  Probe (Chrono Boost)  
  49  3:48  Probe (Chrono Boost)  
  51  3:50  Probe (Chrono Boost)  
  51  3:53  Nexus  
  51  3:54  Pylon  
  51  3:56  Probe  
  51  3:58  Probe  
  51  3:59  Pylon  
  51  4:01  Assimilator  
  53  4:05  Assimilator  
  53  4:10  Probe  
  53  4:12  Stargate  
  53  4:13  Probe  
  53  4:16  Shield Battery  
  55  4:22  Probe  
  56  4:27  Adept  
  56  4:28  Probe  
  56  4:31  Void Ray (Chrono Boost)  
  59  4:33  Zealot  
  59  4:34  Probe  
  61  4:40  Probe  
  66  4:46  Probe  
  67  4:53  Probe  
  67  4:56  Protoss Air Weapons Level 1 (Chrono Boost)  
  69  5:01  Probe (Chrono Boost), Pylon  
  69  5:02  Void Ray (Chrono Boost)  
  69  5:03  Void Ray (Chrono Boost)  
  69  5:05  Probe x2 (Chrono Boost)  
  82  5:14  Probe x2 (Chrono Boost)  
  82  5:15  Probe (Chrono Boost)  
  82  5:18  Pylon  
  82  5:19  Probe x2 (Chrono Boost)  
  82  5:22  Forge  
  82  5:23  Probe  
  85  5:31  Probe x2  
  85  5:35  Probe  
  88  5:37  Assimilator  
  88  5:39  Assimilator  
  88  5:43  Probe x2  
  90  5:52  Probe  
  90  5:55  Probe  
  90  5:56  Probe  
  93  6:01  Fleet Beacon  
  93  6:03  Stargate  
  93  6:06  Void Ray x2  
  93  6:09  Pylon  
  93  6:14  Pylon  
  93  6:16  Pylon  
  93  6:17  Pylon  
  101  6:21  Photon Cannon  
  101  6:24  Pylon  
  101  6:27  Probe  
  102  6:36  Pylon  
  102  6:40  Robotics Facility  
  102  6:45  Shield Battery  
  102  6:46  Photon Cannon  
  102  6:47  Pylon  
  102  6:49  Photon Cannon  
  102  6:53  Carrier (Chrono Boost)  
  102  7:00  Carrier (Chrono Boost), Flux Vanes  
  120  7:14  Carrier (Chrono Boost), Nexus  
  120  7:15  Pylon  
  120  7:17  Pylon  
  120  7:19  Adept  
  120  7:25  Probe x2  
  120  7:27  Observer  
  123  7:30  Protoss Air Weapons Level 2 (Chrono Boost)  
  123  7:33  Zealot  
  123  7:36  Protoss Ground Weapons Level 1  
  125  7:39  Photon Cannon  
  125  7:41  Photon Cannon  
  125  7:42  Shield Battery  
  125  7:45  Photon Cannon  
  125  7:47  Photon Cannon  
  125  7:50  Shield Battery  
  125  7:53  Photon Cannon  
  131  8:03  Probe  
  131  8:04  Probe  
  139  8:05  Probe  
  139  8:06  Carrier (Chrono Boost)  
  139  8:07  Carrier (Chrono Boost)  
  140  8:16  Assimilator  
  140  8:18  Carrier (Chrono Boost)  
  146  8:21  Assimilator  
  146  8:28  Twilight Council  
  146  8:35  Observer, Probe  
  146  8:36  Probe x3  
  151  8:48  Probe  
  152  8:52  Stargate  
  152  8:55  Photon Cannon  
  152  9:02  Carrier (Chrono Boost)  
  158  9:04  Probe  
  158  9:05  Probe x3  
  158  9:09  Charge (Chrono Boost)  
  168  9:13  Carrier (Chrono Boost)  
  168  9:17  Gateway  
  168  9:19  Gateway x2  
  168  9:25  Gateway  
  168  9:26  Carrier (Chrono Boost)  
  168  9:27  Gateway  
  174  9:36  Void Ray (Chrono Boost)  
  178  9:46  Void Ray (Chrono Boost)  
  178  9:47  Probe  
  178  9:48  Warp Prism (Chrono Boost)  
  185  9:58  Pylon  
  184  10:04  Protoss Air Weapons Level 3 (Chrono Boost)  
  184  10:14  Nexus  
  184  10:15  Pylon  
  184  10:16  Void Ray (Chrono Boost)  
  184  10:17  Void Ray (Chrono Boost)  
  184  10:19  Pylon  
  192  10:22  Void Ray (Chrono Boost), Pylon  
  196  10:30  Templar Archives  
  192  10:44  Void Ray  
  192  10:46  Void Ray  
  192  10:47  Void Ray  
  199  10:59  Photon Cannon  
  199  11:01  Photon Cannon  
  199  11:02  Void Ray  
  199  11:03  Photon Cannon  
  191  11:04  Probe, Shield Battery  
  191  11:05  Probe x3  
  197  11:33  Zealot x2  
  195  11:51  Zealot  
  195  11:52  Zealot x2  
  199  11:57  Observer  
  192  12:04  Zealot x4  
Tags
 
Add a new tag
Caveats
  • Supply blocks, unpowered buildings, or Contaminate may cause inaccurate times.
  • Supply counts are checked every 10 seconds.